 Dungeon Crawl Stone Soup version 0.30-a0-169-g06f667207d (webtiles) character file.

Game seed: 8144068765497503879

116 qw the Chopper (level 5, -5/32 HPs)
             Began as a Gargoyle Fighter on Sept 29, 2022.
             Slain by an orc
             ... wielding a +0 flail
              (6 damage)
             ... on level 3 of the Dungeon.
             The game lasted 00:00:35 (2115 turns).

qw the Chopper (Gargoyle Fighter)                   Turns: 2115, Time: 00:00:36

Health: -5/32      AC: 10    Str: 21    XL:     5   Next: 0%
Magic:  5/5        EV:  9    Int:  9    God:
Gold:   124        SH:  4    Dex:  9    Spells: 4/4 levels left

rFire   . . .      SeeInvis .    Y - +1 war axe
rCold   . . .      Faith    .    c - +0 buckler
rNeg    + . .      Spirit   .    b - +0 scale mail
rPois   inf        Reflect  .    (no helmet)
rElec   +          Harm     .    (no cloak)
rCorr   .          Rampage  .    (no gloves)
Will    .....                    (no boots)
Stlth   ..........               (no amulet)
HPRegen 0.10/turn                (no ring)
MPRegen 0.09/turn                (no ring)

@: no status effects
A: sickness immunity, AC +4, negative energy resistance 1, electricity
resistance, torment resistance 1, petrification resistance
a: no special abilities


You were on level 3 of the Dungeon.
You visited 1 branch of the dungeon, and saw 3 of its levels.

You collected 124 gold pieces.


Innate Abilities, Weirdness & Mutations

You are immune to sickness and miasma.
Your stone body is resilient. (AC +4)
You are immune to poison.
You resist negative energy. (rN+)
You are resistant to electric shocks. (rElec)
You are resistant to unholy torment.
You are immune to petrification.


   Skills:
 - Level 3.2 Fighting
 + Level 4.5 Axes
 - Level 3.2 Armour
 - Level 3.2 Shields


You had 4 spell levels left.
You didn't know any spells.
Your spell library was empty.

Inventory:

Hand Weapons
 a - a +2 flail of holy wrath
 Y - a +1 war axe (weapon)
Armour
 b - a +0 scale mail (worn)
 c - a +0 buckler (worn)
 j - a +0 chain mail
Scrolls
 f - a scroll of identify
Potions
 d - a potion of might
 e - a potion of mutation {unknown}
 h - a potion of heal wounds {unknown}
 i - a potion of brilliance {unknown}
 k - a potion of magic {unknown}

Dungeon Overview and Level Annotations

Branches:
Dungeon (3/15)

Altars:


Message History

The orc priest shouts!
The rat falls through a shaft!
The shaft crumbles and collapses.
2107 ||| Stepping ~*~*~tactically~*~*~ (hiding).
The orc attacks as you move away! The orc hits you with a +0 flail.
You barely miss the orc. The orc hits you but does no damage.
You hit the orc.
The orc is heavily wounded.
You block the orc's attack. The orc hits you but does no damage.
You closely miss the orc.
The orc is heavily wounded.
You slash the orc!
You kill the orc!
The orc closely misses you.
You have reached level 5!
You barely miss the orc.
The orc is heavily wounded.
The orc hits you with a +0 flail.
You closely miss the orc.
The orc is heavily wounded.
The orc hits you but does no damage.
The orc priest mumbles some strange prayers to Beogh against you.
Pain shoots through your body! The orc completely misses you.
You hit the orc but do no damage.
The orc is heavily wounded.
You hit the orc priest.
The orc priest hits you with a +0 dagger.
The orc hits you but does no damage.
You barely miss the orc.
The orc is heavily wounded.
You slash the orc priest! The orc completely misses you.
The orc priest mumbles some strange prayers to Beogh against you.
Beogh smites you! The orc hits you with a +0 flail.
The orc priest barely misses you.
You hit the orc priest.
The orc priest is almost dead.
You barely miss the orc. The orc priest misses you.
The orc hits you with a +0 flail.
You die...

###. ... # # ..? .. ##
..# o# #. #.# .# ##. .
##.##o.# #..
..#####.....# #####.#
........o##### #.##%.#
###....o@...### #.#..##
#...........## #....#
#.........#..####..#.##
##########.............
#............#
####..........#.#
<......>......#.#
###..))).....#..
###)..####..#.


You could see an orc priest and an orc.

Vanquished Creatures
  Natasha (twice) (D:2)
  An adder (D:3)
  4 dart slugs
  6 orcs (D:3)
  4 ball pythons
  2 bats
  3 endoplasms
  2 giant cockroaches (D:1)
  4 goblins
  2 hobgoblins
  2 jackals (D:2)
  5 kobolds
  2 quokkas
  3 rats
42 creatures vanquished.

Notes
Turn   | Place    | Note
-------+----------+-------------------------------------------
     0 | D:1      | qw the Gargoyle Fighter began the quest for the Orb.
     0 | D:1      | Reached XP level 1. HP: 14/14 MP: 1/1
     0 | D:1      | 0 ||| qw: Version: 0.2-a-12-gaebbb33
     0 | D:1      | 0 ||| qw: Game counter: 1332
     0 | D:1      | 0 ||| qw: Always use a shield: true
     0 | D:1      | 0 ||| qw: God list: Okawaru
     0 | D:1      | 0 ||| qw: Allow faded altars: false
     0 | D:1      | 0 ||| qw: Do Orc after D:15 true
     0 | D:1      | 0 ||| qw: Do second Lair branch before Depths: true
     0 | D:1      | 0 ||| qw: Lair rune preference: random
     0 | D:1      | 0 ||| qw: Plans: Normal, Zot:1-4, God:TSO, Crypt, Tomb,
                  | Pan, Slime:5, Hells, Abyss, Orb
     0 | D:1      | 0 ||| PLANNING D:1-11
   121 | D:1      | Reached skill level 2 in Axes
   139 | D:1      | 139 ||| Stepping ~*~*~tactically~*~*~ (stealth).
   145 | D:1      | Reached XP level 2. HP: 19/19 MP: 2/2
   265 | D:1      | 265 ||| Stepping ~*~*~tactically~*~*~ (stealth).
   278 | D:1      | 278 ||| Stepping ~*~*~tactically~*~*~ (stealth).
   279 | D:1      | 279 ||| Stepping ~*~*~tactically~*~*~ (stealth).
   280 | D:1      | 280 ||| Stepping ~*~*~tactically~*~*~ (stealth).
   281 | D:1      | 281 ||| Stepping ~*~*~tactically~*~*~ (stealth).
   282 | D:1      | 282 ||| Stepping ~*~*~tactically~*~*~ (stealth).
   330 | D:1      | 330 ||| Stepping ~*~*~tactically~*~*~ (hiding).
   492 | D:1      | Reached skill level 3 in Axes
   839 | D:1      | 839 ||| READING scroll labelled ZINORIROMMU.
   840 | D:1      | 840 ||| READING scroll labelled QUXZID UGIURO.
   916 | D:2      | Noticed Natasha
   919 | D:2      | Reached XP level 3. HP: 23/23 MP: 3/3
   920 | D:2      | Killed Natasha
   988 | D:2      | 988 ||| Stepping ~*~*~tactically~*~*~ (stealth).
  1187 | D:2      | Found a faded altar of an unknown god.
  1350 | D:2      | Noticed Natasha
  1357 | D:2      | Killed Natasha
  1358 | D:2      | Reached skill level 4 in Axes
  1358 | D:2      | Reached XP level 4. HP: 13/28 MP: 4/4
  1521 | D:2      | 1521 ||| Stepping ~*~*~tactically~*~*~ (hiding).
  1762 | D:2      | 1762 ||| READING scroll labelled CEMISTR YNEQE.
  1818 | D:2      | 1818 ||| READING scroll labelled HASIMO BIUN.
  1819 | D:2      | 1819 ||| READING scroll labelled ILEAHODIMA.
  1852 | D:3      | 1852 ||| STAIRDANCE
  1857 | D:3      | 1857 ||| STAIRDANCE
  1872 | D:3      | 1872 ||| STAIRDANCE
  1988 | D:3      | 1988 ||| DROPPING +0 club.
  2043 | D:3      | 2043 ||| DROPPING +0 whip.
  2047 | D:3      | 2047 ||| DROPPING +0 flail.
  2104 | D:3      | 2104 ||| Stepping ~*~*~tactically~*~*~ (stealth).
  2107 | D:3      | 2107 ||| Stepping ~*~*~tactically~*~*~ (hiding).
  2111 | D:3      | Reached XP level 5. HP: 25/32 MP: 5/5
  2114 | D:3      | HP: 5/32 [orc priest/divine providence (11)]
  2114 | D:3      | HP: 1/32 [orc/+0 flail (4)]
  2115 | D:3      | Slain by an orc

Levels and vault maps discovered:
D:1:      mrwooster_arrival_statue, layout_basic, minmay_misc_feat_secret_circle
D:2:      layout_loops_ring, ebering_ecumenical_altar_hall, uniq_natasha
D:3:      layout_rooms, jmf_multi_god_temple2

Skill      XL: |  1  2  3 |
---------------+----------+-----
Axes           | 2 3 4 |  4.5
Fighting       | |  3.2
Armour         | |  3.2
Shields        | |  3.2

Action                   |  1- 3 |  4- 6 || total
-------------------------+-------+-------++-------
Melee: War axe           |    65 |    42 ||   107
  Use: Scroll            |     2 |     3 ||     5
Armor: Scale mail        |    24 |    36 ||    60
Dodge: Dodged            |    21 |    23 ||    44
Block: Buckler           |    15 |    20 ||    35

Table legend:
 A = Non-vault XP
 B = Vault XP
 C = Vault XP percentage of total XP
 D = Non-vault monster count
 E = Vault monster count
 F = Vault count percentage of total count
                 A         B        C        D         E       F
            +---------+---------+-------+---------+---------+-------
      Total |     131 |      35 |  21.1 |      41 |       1 |   2.4
            +---------+---------+-------+---------+---------+-------
        D:1 |      32 |       0 |   0.0 |      16 |       0 |   0.0
        D:2 |      55 |      35 |  38.9 |      12 |       1 |   7.7
        D:3 |      44 |       0 |   0.0 |      13 |       0 |   0.0
            +---------+---------+-------+---------+---------+-------
